 Dungeon Crawl Stone Soup version 0.18.1-47-g9310371 (webtiles) character file.

2981 spiff the Cleaver (level 9, -4/129 HPs)
             Began as a Deep Dwarf Fighter on June 18, 2016.
             Was a Follower of Makhleb.
             Slain by a sun demon (10 damage)
             ... summoned by a kobold demonologist
             ... on level 7 of the Dungeon.
             The game lasted 00:19:19 (5074 turns).

spiff the Cleaver (Deep Dwarf Fighter)              Turns: 5074, Time: 00:19:20

Health: -4/129     AC:  4    Str: 21      XL:     9   Next: 53%
Magic:  15/15      EV:  2    Int: 14      God:    Makhleb [*.....]
Gold:   402        SH:  9    Dex:  8 (13) Spells: 0 memorised, 8 levels left

rFire  . . .     SeeInvis .     a - +1 war axe
rCold  . . .     Gourm    .     (armour currently unavailable)
rNeg   + + +     Faith    .     c - +0 shield
rPois  +         Spirit   .     (helmet currently unavailable)
rElec  .         Dismiss  +     (cloak currently unavailable)
rCorr  .         Reflect  .     (gloves currently unavailable)
SustAt .         Harm     .     (boots currently unavailable)
MR     +....     NoTele   +     I - amulet of dismissal
Stlth  +.........               k - ring of magical power
                                L - +4 ring of intelligence

@: tree-form, corroded, non-regenerating, somewhat resistant to hostile
enchantments, very unstealthy
A: damage resistance, recharge devices, (molten scales 0), sense surroundings 2,
slow regeneration 3
a: Device Recharging, Renounce Religion


You were on level 7 of the Dungeon.
You worshipped Makhleb.
Makhleb was aware of your devotion.
You were not hungry.
You were a tree.
You visited 2 branches of the dungeon, and saw 8 of its levels.

You collected 402 gold pieces.

Inventory:

Hand Weapons
 a - a +1 war axe (weapon)
Missiles
 t - 15 tomahawks (quivered)
 y - 3 throwing nets
 z - 32 poisoned needles
 M - 14 bolts
Armour
 c - a +0 shield (worn)
 m - a +0 cloak (melded)
 r - a +0 helmet (melded)
 J - the +3 scale mail of Mezcal (melded) {rN++}
   (You found it on level 6 of the Dungeon)

   It greatly protects you from negative energy.
Jewellery
 k - a ring of magical power (right branch)
 o - an uncursed ring of flight
 s - an uncursed ring of stealth
 I - an amulet of dismissal (around neck)
 L - a +4 ring of intelligence (left branch)
Wands
 e - a wand of heal wounds (4/9)
 D - a wand of acid (0/15)
 F - a wand of slowing (37/48)
Scrolls
 b - 3 scrolls of immolation
 g - 3 scrolls of remove curse
 B - a scroll of recharging
Potions
 j - a potion of heal wounds
 p - a potion of lignification
 q - 2 potions of haste
 v - a potion of cancellation
 x - a potion of brilliance
 C - a potion of agility
Books
 E - a book of Conjurations

   Spells                             Type                      Level
   a - Magic Dart                     Conjuration                  1
   b - Searing Ray                    Conjuration                  2
   c - Dazzling Spray                 Conjuration/Hexes            3
   d - Fulminant Prism                Conjuration/Hexes            4
   e - Iskenderun's Mystic Blast      Conjuration                  4
   f - Iskenderun's Battlesphere      Conjuration/Charms           5
Comestibles
 f - 9 bread rations
 h - a slice of pizza
 i - a royal jelly
 u - 2 meat rations
 w - 7 fruits
 A - 3 chunks of flesh
 H - 7 beef jerkies


   Skills:
 - Level 7.5 Fighting
 + Level 9.4 Axes
 - Level 3.2 Armour
 - Level 7.5 Dodging
 - Level 3.2 Shields


You had 8 spell levels left.
You didn't know any spells.

Dungeon Overview and Level Annotations

Branches:
Dungeon (7/15)             Temple (1/1) D:5

Altars:
Ashenzari
Dithmenos
Elyvilon
Fedhas
Gozag
Kikubaaqudgha
Makhleb
Nemelex Xobeh
Okawaru
Pakellas
Qazlal
Ru
Sif Muna
Trog
Vehumet
Xom
Yredelemnul
Zin
The Shining One

Annotations:
D:5 Edmund


Innate Abilities, Weirdness & Mutations

You are resistant to damage.
You can recharge devices by infusing magical energy.
You passively map the area around you.
You do not regenerate naturally.
((You are partially covered in molten scales (AC +1).))


Message History

You hit the kobold but do no damage.
You hit the big kobold but do no damage.
You closely miss the sun demon.
You completely miss the kobold demonologist.
The kobold demonologist is moderately wounded.
The kobold demonologist casts a cantrip, but nothing happens.
The sun demon hits you!
* * * LOW HITPOINT WARNING * * *
You are engulfed in flames!
* * * LOW HITPOINT WARNING * * *
You block the kobold's attack. The big kobold hits you.
* * * LOW HITPOINT WARNING * * *
Drink which item? (? for menu, Esc to quit)
You feel much better. The sun demon hits you!!
* * * LOW HITPOINT WARNING * * *
You are engulfed in flames!!
* * * LOW HITPOINT WARNING * * *
The kobold demonologist hits you but does no damage.
You block the kobold's attack. The big kobold hits you. The sun demon hits you!
You die...

######## #.......
####### #.#####.
#..)KK# #.# ##
#.###♣#########.#####
, #K3.............##
* #5................
* *
#.#####.###..##.## *
,* #.# #.# #..##... *
, #.#** #.# #..#####
* , , ..., #.###..# ,
,, , <### #......# *,
, , * , #####..#


You could see a sun demon, a kobold demonologist, a big kobold, a white imp and
a kobold.

Vanquished Creatures
  Pikel (D:3)
  A kobold demonologist (D:7)
  Menkaure (D:7)
  Duvessa (D:5)
  2 slaves (D:3)
  An orc warrior (D:7)
  A sky beast (D:6)
  2 ogres
  4 centaurs
  2 giant frogs
  Dowan (D:5)
  A howler monkey (D:7)
  A crimson imp (D:5)
  2 giant frog zombies
  6 hounds
  2 jellies
  A centaur skeleton (D:6)
  2 giant frog skeletons (D:5)
  Natasha (twice) (D:4)
  An iguana (D:6)
  7 orc wizards
  3 worker ants
  A killer bee zombie (D:3)
  A hound zombie (D:6)
  2 hound skeletons
  Robin (D:2)
  A howler monkey skeleton (D:6)
  11 gnolls
  4 adders
  2 oozes
  4 worms
  2 dart slugs (D:1)
  4 giant geckos
  23 orcs
  4 giant cockroaches
  16 goblins
  11 hobgoblins
  2 jackals (D:4)
  6 kobolds
  6 quokkas
  3 ball pythons
  A ball python zombie (D:6)
  4 bats
  9 giant newts
  4 rats
167 creatures vanquished.

Vanquished Creatures (others)
  Natasha (D:4)
1 creature vanquished.

Grand Total: 168 creatures vanquished

Notes
Turn   | Place    | Note
--------------------------------------------------------------
     0 | D:1      | spiff the Deep Dwarf Fighter began the quest for the Orb.
     0 | D:1      | Reached XP level 1. HP: 20/20 MP: 1/1
    87 | D:1      | Reached skill level 3 in Axes
    87 | D:1      | Reached XP level 2. HP: 27/27 MP: 2/2
   467 | D:1      | Reached XP level 3. HP: 30/33 MP: 3/3
   512 | D:2      | Noticed Robin
   520 | D:1      | Reached skill level 4 in Axes
   568 | D:2      | Killed Robin
   653 | D:2      | Reached XP level 4. HP: 26/40 MP: 4/4
   713 | D:2      | Reached skill level 5 in Axes
  1127 | D:3      | Found an iron altar of Okawaru.
  1136 | D:3      | Reached XP level 5. HP: 16/46 MP: 5/5
  1162 | D:3      | Found a glowing silver altar of Zin.
  1230 | D:3      | Found a shimmering altar of Xom.
  1233 | D:3      | Found a sacrificial altar of Ru.
  1238 | D:3      | Found a glowing golden altar of the Shining One.
  1280 | D:3      | Reached skill level 6 in Axes
  1771 | D:4      | Noticed Natasha
  1776 | D:4      | Killed Natasha
  1897 | D:4      | Noticed a slave
  1898 | D:4      | Noticed Pikel
  1903 | D:4      | Noticed a slave
  1906 | D:4      | Noticed a slave
  1907 | D:4      | Noticed a slave
  1911 | D:3      | Killed a slave
  1922 | D:3      | Killed a slave
  1950 | D:4      | Noticed an ogre
  1968 | D:3      | Killed an ogre
  1968 | D:3      | Reached XP level 6. HP: 41/58 MP: 6/6
  2212 | D:3      | Killed Pikel
  2212 | D:3      | Reached XP level 7. HP: 43/70 MP: 7/7
  2250 | D:4      | Noticed Natasha
  2264 | D:4      | Killed Natasha
  2319 | D:4      | Noticed Natasha
  2328 | D:4      | Killed Natasha
  2645 | D:5      | Entered Level 5 of the Dungeon
  2661 | D:5      | Found a staircase to the Ecumenical Temple.
  2663 | D:5      | Noticed Edmund
  2829 | D:5      | Found a sparkling altar of Nemelex Xobeh.
  2879 | D:5      | Reached XP level 8. HP: 46/80 MP: 7/7
  2892 | D:5      | Reached skill level 1 in Dodging
  3148 | D:5      | Noticed Duvessa
  3149 | D:5      | Noticed Dowan
  3156 | D:5      | Killed Duvessa
  3164 | D:5      | Killed Dowan
  3269 | D:5      | Reached skill level 5 in Dodging
  3892 | D:6      | Got a spiked scale mail
  3903 | D:6      | Identified the +3 scale mail of Mezcal {rN++} (You found it on level 6 of the Dungeon)
  3970 | Temple   | Entered the Ecumenical Temple
  4035 | Temple   | Became a worshipper of Makhleb the Destroyer
  4405 | D:7      | Gained mutation: You passively map the area around you. [Deep Dwarf growth]
  4405 | D:7      | Reached XP level 9. HP: 48/86 MP: 7/7
  4483 | D:7      | Reached skill level 7 in Axes
  4616 | D:7      | Reached * piety under Makhleb
  4657 | D:7      | Reached skill level 8 in Axes
  4787 | D:7      | Found a blossoming altar of Fedhas.
  4790 | D:7      | Noticed Menkaure
  4796 | D:7      | Killed Menkaure
  5035 | D:7      | Noticed a kobold demonologist
  5039 | D:7      | Noticed a kobold demonologist
  5044 | D:7      | Noticed a sixfirhy
  5048 | D:7      | Noticed a red devil
  5048 | D:7      | Killed a kobold demonologist
  5048 | D:7      | Reached skill level 9 in Axes
  5052 | D:7      | Noticed a rust devil
  5066 | D:7      | Noticed a sun demon
  5066 | D:7      | Identified a scroll of acquirement
  5070 | D:7      | Gained mutation: You are partially covered in molten scales (AC +1). [potion of beneficial mutation]
  5074 | D:7      | HP: 6/129 [sun demon[a kobold demonologist] (15)]
  5074 | D:7      | Slain by a sun demon

Skill      XL: |  1  2  3  4  5  6  7  8  9 |
---------------+----------------------------+-----
Axes           | 3 4 5 6 9 |  9.4
Fighting       | 4 6 7 |  7.5
Dodging        | 7 |  7.5
Armour         | |  3.2
Shields        | |  3.2

Action                   |  1- 3 |  4- 6 |  7- 9 || total
-------------------------+-------+-------+-------++-------
Melee: War axe           |    97 |   205 |   389 ||   691
 Abil: Device Recharging |       |       |     3 ||     3
Evoke: Wand              |       |     5 |    17 ||    22
  Use: Scroll            |       |     9 |     7 ||    16
       Potion            |       |       |     8 ||     8
  Eat: Chunk             |       |     5 |    10 ||    15
Armor: Scale mail        |    45 |    94 |   141 ||   280
       Skin              |       |       |     3 ||     3
Dodge: Dodged            |    28 |    48 |   169 ||   245
Block: Shield            |    56 |    99 |   227 ||   382
